AoeStats
← santiago94

African Clearing

506741743Analyzed
4v4 RM · 16d ago on Sep 14, 2026· 60m 52s· 8 players
Game mode
Random Map
Map size
Large (8 player)
Population
200
Speed
Normal
Resources
Standard
Victory
Conquest
Starting age
Dark Age
Ending age
Imperial Age
RankedLock teamsTeams togetherTeam positionsShared explorationLock speedFull tech treeHidden civsTurbo modeCheats
Victory
Defeat
🇦🇷 Teutons · Argentina
1201
+8
🇦🇷 Huns · Argentina
1131
+11
🇦🇷 Goths · Argentina
765
+26
🇲🇽 Byzantines · Mexico
735
+25
🇦🇷 Spanish · Argentina
1047
-20
🇦🇷 Armenians · Argentina
1013
-18
🇦🇷 Franks · Argentina
1005
-18
🇦🇷 Huns · Argentina
912
-14
LuluX
11:37 Loom
13:22 Feudal Age
17:37 Castle Age
15:42 Double-Bit Axe
17:21 Fletching
17:46 Padded Archer Armor
18:19 Gold Mining
23:50 Bow Saw
24:44 Horse Collar
28:43 Wheelbarrow
29:06 Bodkin Arrow
29:38 Heavy Plow
32:22 Gold Shaft Mining
34:08 Leather Archer Armor
38:01 Imperial Age
35:53 Hand Cart
35:24 Town Watch
37:19 Ballistics
41:24 Forging
44:02 Conscription
55:53 Bracer
59:06 Two-Man Saw
58:50 Stone Mining
60:18 Town Patrol
61:04 Parthian Tactics
61:03 Husbandry
NicoPereiira
10:18 Loom
14:30 Feudal Age
16:21 Double-Bit Axe
17:41 Horse Collar
21:40 Wheelbarrow
24:39 Castle Age
23:21 Gold Mining
23:28 Stone Mining
27:19 Bow Saw
27:42 Husbandry
34:17 Hand Cart
34:30 Squires
36:57 Stone Shaft Mining
36:59 Gold Shaft Mining
36:02 Pikeman
36:27 Gambesons
37:20 Scale Mail Armor
37:14 Fletching
39:30 Chain Mail Armor
39:12 Bodkin Arrow
39:16 Murder Holes
39:42 Ballistics
43:21 Imperial Age
42:33 Scale Barding Armor
42:39 Forging
43:03 Coinage
43:42 Chain Barding Armor
44:28 Cavalier
45:46 Plate Barding Armor
45:44 Plate Mail Armor
46:27 Paladin
48:37 Two-Man Saw
47:40 Heavy Plow
48:54 Conscription
49:46 Bracer
50:21 Iron Casting
50:20 Banking
50:00 Guilds
50:42 Devotion
52:34 Chemistry
52:22 Hoardings
52:53 Padded Archer Armor
55:11 Crop Rotation
58:10 Leather Archer Armor
57:52 Arrowslits
57:58 Guard Tower
EL CHARRO HOLLY
14:03 Feudal Age
18:32 Castle Age
18:09 Loom
22:27 Double-Bit Axe
23:11 Forging
24:30 Bloodlines
24:34 Scale Barding Armor
29:24 Horse Collar
31:37 Gold Mining
31:37 Stone Mining
33:48 Wheelbarrow
34:09 Iron Casting
35:07 Hand Cart
35:08 Heavy Plow
36:03 Fervor
37:21 Stone Shaft Mining
41:10 Imperial Age
40:36 Chain Barding Armor
49:43 Crop Rotation
50:48 Cavalier
51:44 Fletching
58:43 Blast Furnace
58:18 Plate Barding Armor
60:38 Bodkin Arrow
santiago94
12:31 Loom
15:52 Feudal Age
16:10 Man-at-Arms
25:55 Horse Collar
26:53 Wheelbarrow
33:31 Castle Age
32:19 Scale Mail Armor
32:30 Forging
33:00 Stone Mining
33:06 Double-Bit Axe
34:36 Chain Mail Armor
34:56 Iron Casting
33:46 Long Swordsman
35:05 Bow Saw
35:06 Squires
36:16 Masonry
36:30 Heavy Plow
38:33 Pikeman
49:01 Hand Cart
48:32 Town Watch
49:27 Murder Holes
63:33 Imperial Age
Pollo Flojo
11:43 Loom
15:54 Feudal Age
16:22 Man-at-Arms
17:01 Double-Bit Axe
21:27 Gold Mining
24:34 Stone Mining
30:11 Castle Age
30:34 Pikeman
31:16 Squires
32:43 Wheelbarrow
32:20 Bow Saw
32:47 Gold Shaft Mining
32:51 Forging
35:17 Scale Barding Armor
36:37 Iron Casting
38:58 Husbandry
47:41 Elite Skirmisher
50:00 Padded Archer Armor
Messirve
12:46 Loom
16:01 Feudal Age
18:17 Man-at-Arms
23:42 Town Watch
29:18 Double-Bit Axe
29:26 Gold Mining
33:31 Horse Collar
36:19 Castle Age
34:55 Wheelbarrow
34:30 Stone Mining
42:16 Caravan
42:34 Bloodlines
43:16 Forging
45:05 Scale Mail Armor
49:02 Hand Cart
52:14 Bow Saw
Janzen
9:46 Loom
18:18 Feudal Age
19:22 Double-Bit Axe
22:33 Fletching
23:33 Horse Collar
30:02 Castle Age
30:05 Pikeman
32:01 Scale Mail Armor
32:39 Forging
34:52 Man-at-Arms
35:59 Squires
35:44 Gambesons
36:45 Long Swordsman
38:24 Arson
39:26 Gold Mining
39:51 Two-Handed Swordsman
42:39 Chain Mail Armor
44:24 Iron Casting
45:08 Bodkin Arrow
49:08 Imperial Age
47:32 Elite Skirmisher
48:14 Padded Archer Armor
48:47 Bow Saw
49:47 Leather Archer Armor
50:15 Wheelbarrow
50:02 Bracer
50:58 Heavy Plow
51:39 Conscription
52:45 Ring Archer Armor
53:03 Ballistics
54:31 Hand Cart
54:26 Halberdier
56:56 Chemistry
58:47 Blast Furnace
57:32 Elite Composite Bowman
60:07 Sappers
pelusinho
7:27 Loom
15:35 Feudal Age
16:25 Double-Bit Axe
17:20 Wheelbarrow
23:33 Castle Age
22:14 Stone Mining
22:31 Gold Mining
24:42 Scale Barding Armor
27:10 Husbandry
32:13 Horse Collar
33:37 Padded Archer Armor
36:42 Hand Cart
37:16 Ballistics
37:14 Leather Archer Armor
41:38 Bloodlines
Connection lost

Rejoining the realm…

Still unreachable

The connection could not be restored.

Session expired

The server has moved on; the page needs a fresh start.